[Event "79th Tata Steel Chess 2017-Masters"]
[Site "Wijk aan Zee"]
[Date "2017.01.15"]
[Round "2"]
[White "Harikrishna, Pentala"]
[Black "Adhiban, Baskaran"]
[Result "1-0"]
[ECO "C78"]
[WhiteElo "2766"]
[BlackElo "2653"]
[Annotator "Sagar Shah"]
[PlyCount "85"]
[EventDate "2017.??.??"]
[TimeControl "60"]

1. e4 e5 2. Nf3 Nc6 3. Bb5 {6 This time Harikrishna chooses the Ruy Lopez over
Guioco Piano. The latter he used successfully to beat Sergey Karjakin at the
Olympiad.} a6 4. Ba4 Nf6 5.
O-O b5 6. Bb3 Bc5 $5 {
1 The Arkhangelsk Variation of the Ruy Lopez which is much more active than
the closed Ruy Lopez, but also riskier.} 7. c3 {326} d6 8. d4 Bb6 9. Be3 {236} O-O (9...
Nxe4 10. Bd5 $18) 10. h3 {86} (10. Nbd2 {is more common.}) 10... exd4 {666
Adhiban has already played this before against Kuzubov in 2011, but he thought
for 11 minutes which means that he wasn't expecting this line.} 11. cxd4 Nxe4 {11 Seeing that nothing is wrong with grabbing the pawn,
Adhiban goes ahead.} 12. Bd5 {618 Harikrishna also thought for 10 minutes
recollecting his lines.} Qe8 $1 13. Qc2 Nb4 14. Qxe4 Qxe4 15. Bxe4 d5 {2 And the bishop is trapped in a very novel manner.} 16.
Bxh7+ {122} Kxh7 {2 Overall it would seem that the central e4 pawn is much
more important than the h7 pawn. And this is true. Black has a very
comfortable position. But it's a complex middlegame, so both sides have to
play accurately.} 17. Nc3 {175} c6 {1426 23 minutes for the move c6. Adhiban
would have surely been looking at ...Nc2 options. Finally he didn't like them
and continued with this little pawn move.} (17... Nc2 18. Rac1 Nxe3 19. fxe3
Bb7 20. Ne5 {Somehow I feel that the bishops are a tad too passive.}) 18. Rad1
{1329} a5 {1273} 19. a3 {576} Nc2 {345} 20. Rd2 {386} Nxe3 {353} 21. fxe3 {
10 The computers like Black's position because of the bishop pair. Objectively
the position is equal. But with all these imbalances, the situation is rich
and the better player has chances to outplay his opponent.} f6 {188} 22. Rc1 Bd7 23. Kf2 {117 Hari just makes normal,
natural moves, not worrying about what he is trying to achieve in the position.
If his pieces are on good squares something will turn up. That being said
Adhiban has nothing to worry. His position is at least equal, maybe even
slightly better.} Rae8 24. Ne2 {230} Re7 {116} (24... g5 $5
$15) 25. Nf4 Rfe8 {291} (25... g5 26. Nd3 Kg7 27. Nc5 Bf5 $15)
26. Re2 {159} g5 27. Nd3 Kg7 {134} 28. Nc5 {
601} Bf5 29. Ree1 {459} Kg6 {335} (29... Rh8 $1 {Makes sense
in order to prevent g4.} 30. g4 Bc8 {The h3 pawn is weak.} 31. Rh1 Bxc5 $1 32.
dxc5 (32. Rxc5 Bxg4 $15) 32... Kg6 33. Nd4 Bd7 $11 {Black doesn't have any
reali problems.}) 30. Nd2 {128} (30. g4 Bc8 31. h4 $5 Bxg4 32. hxg5 Bxf3 33.
gxf6 Rh7 34. Kxf3 $11) 30... Kg7 {75} 31. Nf3 {98} Kg6 {165 Adhiban must have
felt that Hari would be fine with a draw. After all it's not so easy to make
progress. But Harikrishna fights on.} 32. g4 {180} Bc8 33. Nd3 Bd7 {285} (33... Rc7 $5 {makes sense in order to take on g4
when h4 is played.}) 34. h4 $1 {84 Very alert.} gxh4 {279} 35. Nxh4+ {249} Kg5
{204 The king has to move in. But as we already know, the knight are tricky
creatures. Hence, Black must remain careful.} (35... Kh7 36. Nf5 Bxf5 37. gxf5
Rc7 38. Rh1+ Kg7 39. Rcg1+ $19) 36. Nf3+ {101} Kxg4 {157 Good or bad, this
pawn had to taken.} (36... Kg6 37. g5 $1 fxg5 38. Nde5+ Kf5 39. Rg1 $16) 37.
Rh1 $1 {230 The black king is beginning to feel uncomfortable. Two knights and
two rooks are trying to trap it.} Kf5 {225 Adhiban's king makes a dash.} 38.
Rh5+ Ke6 (38... Kg6 39. Nf4+ Kf7 40. Rg1 $16)
39. Rh6 {299} Kf5 $2 {250} (39... Kf7 40. Nf4 (40. Rg1 Bf5 $19) 40... Rg8 41.
Nh5 Rg6 42. Rh7+ Kf8 43. Rh8+ Kf7 $11) 40. Nh4+ Kg5 {138} (
40... Ke4 41. Rc3 $1 {The threat now is to take on f6.} (41. Ke2 $5 Bxd4 $1 42.
Nf2+ Ke5 43. Nf3+ Kd6 44. Nxd4 Rxe3+ 45. Kd2 $16) 41... Rf7 42. Rh5 {Nf3-d2
looks deadly.} Bg4 43. Kf1 $1 Kxe3 44. Nf2+ Kd2 45. Nxg4 $18) (40... Ke6 41.
Nf4+ Kd6 42. Rxf6+ Kc7 43. Nxd5+ $18) 41. Rg6+ {84} Kxh4 42.
Rh1+ Bh3 43. Rg3 {10 Not often do you see
the Lawnmower's mate at such a high level! A very interesting game where
Harikrishna showed that practically he is a stronger player.} 1-0

[Event "79th Tata Steel Chess 2017-Masters"]
[Site "Wijk aan Zee"]
[Date "2017.01.16"]
[Round "3"]
[White "Adhiban, Baskaran"]
[Black "Aronian, Levon"]
[Result "1/2-1/2"]
[ECO "D02"]
[WhiteElo "2653"]
[BlackElo "2780"]
[Annotator "Sagar Shah"]
[PlyCount "75"]
[EventDate "2017.??.??"]
[EventType "tourn"]
[EventCountry "NED"]
[SourceTitle "playchess.com"]
[Source "ChessBase"]
[TimeControl "40/6000+30:20/3000+30:900+30"]

1. d4 Nf6 2. Nf3 d5 3. Bf4 {16 The London virus is spreading quick! Even Adhiban
is now hit by it!} c5 4. e3 Nc6 5. c3 {358} e6 6. Nbd2 Be7 (6... Bd6 7. Bg3 O-O 8. Bb5 {is the main line these days and was used by
Carlsen to beat Anand in the World Rapid.}) 7. Ne5 {82 Adhiban made this move
quickly which meant that he was prepared.} Nd7 {211} 8. Bd3 {68} O-O {495} (
8... Ndxe5 9. dxe5 g5 10. Bg3 h5 $5 {reminds of Spassky-Petrosian.}) 9. Qh5 {
404} f5 10. Ndf3 {309} Ndxe5 {1075} 11. Nxe5 Nxe5 12. Bxe5 Bd6 13. f4 {
636} Bxe5 {122} 14. fxe5 Bd7 15. O-O {430}
Qb6 16. Rf2 {304} Bb5 17. Bxb5 {607} Qxb5 {
12 The position is around equal. Nothing much going on.} 18. Raf1 {68} Qd3 {708
} 19. Rf3 Rf7 {227} 20. g4 $5 {116 it's not easy to keep
Adhiban quiet for too long.} Raf8 {243} 21. gxf5 {70} g6 $1 {17 The evaluation
of the position remains the same, but Aronian tries to trick his opponent.} 22.
Qg5 {1359} (22. fxg6 hxg6 23. Qh3 (23. Qg4 Qxf1+ 24. Kxf1 Rxf3+ 25. Kg2 Rf2+
26. Kg3 Kg7 $11) 23... Rxf3 24. Rxf3 Rxf3 25. Qxf3 Qb1+ 26. Qf1 Qxb2 $11) 22...
Rxf5 {237} 23. Rxf5 exf5 {88 Aronian tries to fight in this
even position, hoping for the young Indian to go wrong.} 24. Qf4 {278} Qc4 {
1283} 25. a3 {306} Qe2 {81} 26. Rf2 {168} Qd1+ 27. Kg2 {74}
cxd4 {263} 28. cxd4 (28. exd4 $5) 28... Rc8 {320} 29. Qf3 Qb3 30. h4 {61} Rc1 {328} 31. h5 Re1 32. hxg6 {83} hxg6 33. Re2 {163} Rc1
{240} 34. Qg3 Kg7 35. Qg5 {196} Qd1 36. Qe7+ Kh6 37. Qh4+ Kg7 38. Qe7+ {Nothing much happened in this game.
Theoretically Aronian can be happy, and practically Adhiban can be peased with
the result.} 1/2-1/2

[Event "Wijk aan Zee"]
[Site "Wijk aan Zee"]
[Date "2017.01.16"]
[Round "3"]
[White "Eljanov, Pavel"]
[Black "Harikrishna, Pentala"]
[Result "1/2-1/2"]
[ECO "A17"]
[WhiteElo "2755"]
[BlackElo "2766"]
[Annotator "Sagar Shah"]
[PlyCount "83"]
[EventDate "2017.??.??"]
[EventType "tourn"]
[EventCountry "NED"]
[SourceTitle "playchess.com"]
[Source "ChessBase"]
[TimeControl "40/6000+30:20/3000+30:900+30"]

1. Nf3 Nf6 2. c4 c5 3. Nc3 d5 {19 Harikrishna likes to play the
Semi-Tarrasch. Soon we reach something similar.} 4. cxd5 Nxd5 5. e3 {202} e6 {123} 6. Bc4 {252} (6. d4 {would be the e3
variation of the Semi Tarrasch.}) 6... Nc6 {144} 7. O-O Be7 {
381} 8. Qe2 {509} O-O {344 What Hari does is nice to learn from. He just
develops his pieces and gets his king to safety.} 9. Rd1 Nb6 {
257} 10. Bb5 {966} Bd7 {304 Once again simple development. No flashy business.}
11. d4 {402} cxd4 {109} 12. exd4 $1 {7 Accepting the Isolani is the correct
way to play.} (12. Nxd4 Nxd4 13. Rxd4 Bxb5 14. Qxb5 Qc7 {And Black has
absolutely no problems.}) 12... Nb4 13. Bxd7 Qxd7 14. Ne5 Qe8 $1 {423 A very nice idea.
Hari realizes that sooner or later he will play f7-f5 and hence the queen is
well placed on e8.} 15. a3 {150} N4d5 {130} 16. Rd3 f5 {
742 After this move the e5 square and e6 pawn become weak, but White has no
real kingside attack.} 17. Bd2 {1320} Bf6 {144} 18. Re1 {101} Rc8 {357} 19. Rg3
{201} Qe7 {602} 20. Bh6 {1112} Kh8 {297} 21. Bc1 Kg8 {218
Hari has a comfortable position, but with the leader and the black pieces, he
is fine with a draw.} 22. Bh6 Kh8 {147} 23. Bc1 Kg8 {66} 24. Rh3 {55 Eljanov shows great fighting spirit, although
objectively this decision is incorrect because only Black can have chances to
fight for advantage.} Bxe5 {408} 25. Qxe5 Rc6 26. Qe2 {318} (26. Nxd5 Nxd5 27. Qxd5 $4 exd5 28. Rxe7 Rxc1+ $19) 26... Rfc8 {
228 Black's harmony keeps improving.} 27. Bd2 Nxc3 {118} 28.
bxc3 {69} (28. Bxc3 Nd5 $17 {is clearly better for Black.}) 28... Nd5 29. a4 {609} Qf7 {339} 30. Rg3 {152} Nxc3 {288} 31. Rxc3 Rxc3 32. Bxc3 Rxc3 33.
h3 Rc6 {91 Black has pinched a pawn and White has to play
carefully, in order to not let Black consolidate.} 34. Qe5 $1 Qd7 {202} (34... h6 {looked more human.} 35. Qb8+ Kh7 36. Qxa7 Ra6 37. Qc5 Rxa4
38. Qe5 Ra6 39. Rc1 {White has compensation and the game should most probably
end in a draw.}) 35. Qb8+ {85} Kf7 36. Qxa7 Ra6 37. Qb8 Rxa4 {143} 38. Rb1 b5 39. Rxb5 Ra8 {229} 40. Qe5 Rd8 {102} 41. Rb6 {180} Qd5 {304} 42. Qxd5 {115} (42. Qxd5 Rxd5 43. Rb4
{Theoretically Black is better but there is no way to win the d4 pawn and
White will hold with ease.}) 1/2-1/2

[Event "Wijk aan Zee"]
[Site "Wijk aan Zee"]
[Date "2017.01.16"]
[Round "3"]
[White "Wei, Yi"]
[Black "Nepomniachtchi, Ian"]
[Result "1-0"]
[ECO "B96"]
[WhiteElo "2706"]
[BlackElo "2767"]
[Annotator "Sagar Shah"]
[PlyCount "149"]
[EventDate "2017.??.??"]
[EventType "tourn"]
[EventCountry "NED"]
[SourceTitle "playchess.com"]
[Source "ChessBase"]
[TimeControl "40/6000+30:20/3000+30:900+30"]

1. e4 c5 2. Nf3 d6 3. d4 cxd4 4. Nxd4 Nf6 5. Nc3 a6 6. Bg5 e6 7. f4 h6 8. Bh4 Qb6 9. a3 {64} Nbd7 10. Be2 {138} e5 {141} 11. Nf5 {2125} g6 {444} 12. Bf2 {470} Nc5 {912} 13. b4 {
224} gxf5 14. O-O {905} Nfxe4 {325} 15. Nxe4 fxe4 16. bxc5 {136} dxc5 17. fxe5 {296} Be6 {
148} 18. Rb1 {733} Qc6 {600} 19. Bg4 {171} b5 {345} 20. Bh4 Rg8 {174} 21. Bxe6 {75} Qxe6 22. Rf6 Qg4 23. Qd2 Be7 {302} 24. Rf4 {434} Qd7 {245} 25.
Qxd7+ Kxd7 26. e6+ $3 {9 Quite a deep move
and very easily found by Wei Yi.} (26. Rxf7 Rae8 $11) 26... fxe6 {128} (26...
Kxe6 27. Rxe4+ $18) 27. Rf7 Rg5 (27... Rae8
28. Rd1+ $18 {Now there is no Ke6.}) 28. Rd1+ {113} Ke8 29.
Rh7 b4 {63} 30. a4 {688} c4 {61} 31. Bxg5 {125} hxg5 32. Rh8+ {108} Bf8 33. Rf1 Ke7 34. Rh7+ Kd6 35. Rh8 Ke7 36. Rh7+ Kd6 37. Rhf7 Bh6 38. Rd1+ {97} Ke5 {269} 39.
Rc7 c3 40. Kf2 g4 {206} 41.
Rc5+ {622} Kf6 {153} 42. Ke2 Rb8 {465} 43. Rb1 {91} Rd8 {418}
44. Rf1+ Ke7 {76} 45. Rc7+ {63} Kd6 46. Rc4 {
617} Ke7 {144} 47. Rd1 {70} Rb8 48. Rdd4 {300} b3 49. cxb3 Rxb3 50. Rc7+ {433} Kf6 51. Rxe4 Rb2+ {423} 52. Kd3 Rd2+ 53. Kxc3 Kf5 54. Re1 {
139} Rxg2 55. Rc5+ Kf6 {89} 56. Re4 Rxh2 {60} 57. Rxg4 a5 {194} 58. Kd3 {265} Rd2+ {169}
59. Ke4 Re2+ 60. Kf3 Re3+ 61. Kf2 Re5 {124} 62. Rg6+ {574} Kxg6 63. Rxe5 Bd2 64. Rxe6+ Kf7 65. Re4 Kf6 {150} 66. Ke2 Bc3 {77} 67. Rc4 Be5 {900} 68. Rc5 Ke6 69. Rxa5 Bc7 70.
Rb5 Kd6 71. Kd3 Kc6 72. Kc4 Bb6 73. a5 Ba7 74. a6 Bb6 75.
Rb3 1-0

[Event "Wijk aan Zee"]
[Site "Wijk aan Zee"]
[Date "2017.01.16"]
[Round "3"]
[White "So, Wesley"]
[Black "Rapport, Richard"]
[Result "1-0"]
[ECO "E18"]
[WhiteElo "2808"]
[BlackElo "2702"]
[Annotator "Sagar Shah"]
[PlyCount "95"]
[EventDate "2017.??.??"]
[EventType "tourn"]
[EventCountry "NED"]
[SourceTitle "playchess.com"]
[Source "ChessBase"]
[TimeControl "40/6000+30:20/3000+30:900+30"]

1. Nf3 Nf6 2. g3 b6 3. d4 {90} Bb7 4. c4 {69} e6 5. Bg2 Be7 6. O-O {63} O-O 7. Nc3 Ne4 8. Bd2 Bf6 9. Rc1 {95} Nxd2 10. Qxd2 d6 11. d5 {165} e5 12. e4 {178} Nd7 13. h4 {216} a5 14. Bh3 {110} Nc5 {125} 15. Kg2 {198} Bc8
{68} 16. Rh1 {71} Bxh3+ {162} 17. Rxh3 Qd7 {60} 18. Nh2 {1011}
h5 {135} 19. f3 {1317} g6 {889} 20. g4 Kh7 {281} 21. Rh1 {428}
Rg8 {866} 22. Qd1 {650} Bg7 {405} 23. Nf1 Bh6 24. Kf2 {65} Bc1 $3 {80} 25. Ng3 $2 {288} (25. b3 Bb2 26. Nb5 f5 {White is
under pressure, but why to give up the b2 pawn?}) 25... Bxb2 {297} 26. Nb5 Bc1 $1 {107 The bishop must return!} 27. gxh5 {107} Bf4 {206}
28. Nc3 f5 {868} 29. hxg6+ {143} Rxg6 30.
Nxf5 {149} Rag8 31. Kf1 b5 $1 {642} (31...
Rg2 32. Ne2 $11) 32. cxb5 {196} (32. Nxb5 $2 Rg2 {There is no Re2 now.} 33. Nc3
Rd2 $19) 32... Rg2 33. Qb1 (33. Ne2 Qxb5 $19)
33... Qf7 $6 {134} (33... Rd2 $1 34. Rg1 Rxg1+ 35. Kxg1 Qe8 $19) 34. Ne2 Qg6 $4 {99 Rapport misses a simple knight fork.} 35. Ne7 $1 {
286} Rf2+ {485} 36. Kxf2 Qg2+ 37. Ke1 Rg3 38. Rxg3 {551} Qxh1+ {73} 39. Rg1 Qxf3 40. Nxf4 Qe3+ {729} 41.
Ne2 {157} Nd3+ 42. Qxd3 {490} Qxd3 43. Ng8 Qf3 44. h5 {118} Kh8 45. Rg6
{66} Qh1+ {101} 46. Kd2 Qxe4 47. Nf6 Qb4+ 48. Ke3 1-0

[Event "Wijk aan Zee"]
[Site "Wijk aan Zee"]
[Date "2017.01.17"]
[Round "4"]
[White "Harikrishna, Pentala"]
[Black "Karjakin, Sergey"]
[Result "1/2-1/2"]
[ECO "C54"]
[WhiteElo "2766"]
[BlackElo "2785"]
[Annotator "Sagar Shah"]
[PlyCount "60"]
[EventDate "2017.??.??"]
[EventType "tourn"]
[EventCountry "NED"]
[SourceTitle "playchess.com"]
[Source "ChessBase"]
[TimeControl "40/6000+30:20/3000+30:900+30"]

1. e4 e5 2. Nf3 Nc6 3. Bc4 Bc5 4. O-O Nf6 5. d3 O-O 6. h3 d6 7. c3 a6 {9 Karjakin
deviates from h6 which he had played in their previous encounter. He also
places his pawn on a6 instead of a5 as he did in Baku.} ({Here's the Baku
Olympiad game for you to have a look.} 7... h6 {283} 8. Re1 a5
{28 This move has hardly been played before. Usually Black settles for a6
followed by Ba7. This seems like some preparation for the World Championship
Match!} 9. Bb3 {196} Re8 {440} 10. Nbd2 {154} Be6 11. Ba4 {88}
Ba7 {565} 12. Nf1 {434} Rb8 13. Bb5 {235 Hari makes the
perfect use of the move a5. The b5 square was weakened and he settles his
bishop on that square.} Bd7 14. Ng3 {645} Ne7 15. Bxd7 Qxd7 16. d4 Ng6 {
278} 17. Be3 {123} exd4 {68} 18. Bxd4 Bxd4 19. cxd4 {56 White has a harmonius position and should surely stand slightly
better here.} a4 {456} 20. Rc1 {100} d5 {255} 21. e5 {258} Nh7 22. Nh2 {279 Look at the knights on the kingside, all four identically placed.
However, the pawn on e5 gives white the space advantage and the chances for an
attack.} Ng5 {143} 23. Nh5 {443} a3 {979} 24. b4 {425} Ne6 {383} 25. Qd2 {913}
Ng5 {417} 26. Ng4 {54 Slowly but surely the pressure is creeping in.} Qf5 $2 {
31 Karjakin blunders!} 27. Nhf6+ $1 {111 The knight cannot be taken as Nxh6
wins the queen!} Kh8 (27... gxf6 28. Nxh6+ $18) 28. Nxe8 Rxe8 29. Rxc7 {117 The rest as they say is
matter of technique, which Harikrishna shows in good measure!} Nf4 30. Qe3 {470} Nge6 31. Rc3 Qg6 {104} 32.
Qg3 {77} Ra8 33. Kh2 {122} h5 {170} 34. Ne3 Qh7 35. Rec1 {207} Qe4 36. Rc8+ {114} Rxc8 37. Rxc8+ Kh7 38. Qf3 {83}
Qxf3 39. gxf3 Nxd4 40. Rc7 b5 41. Rxf7 {83} Nde6 {138} 42. Rd7 d4 43. Nc2 {131} d3 44. Ne1 {15 1-0 
(44) Harikrishna,P (2752)-Karjakin,S (2769) Baku 2016}) 8. Re1 Ba7 9. Bb3 Re8 10. Nbd2 {262
} Be6 11. Nf1 h6 12. Be3 {
365} Bxe3 13. Nxe3 Qd7 14.
Nh2 {771} Bxb3 {497} 15. axb3 {168} Ne7 {235} 16. b4 {304} d5 {74} 17. Nhg4 {
732} Nxg4 18. Qxg4 {363} (18. Nxg4 Ng6 {is around equal.})
18... Rad8 {750} 19. exd5 {840} (19. Nf5 Nxf5 20. exf5 f6 $11) 19... Qxg4 20. hxg4 {290} Nxd5 21. Nxd5 {109} Rxd5 {
7 Black experienced absolutely no issues in equalising the game.} 22. d4 Kf8 23. dxe5 {112} Rexe5 24.
Rxe5 Rxe5 25. Kf1 Ke7 26. Rd1 h5 27. gxh5 Rxh5 28. Ke2 Re5+ 29. Kf1 Rh5 30. Ke2 Re5+ 1/2-1/2

[Event "Rotterdam"]
[Site "Rotterdam"]
[Date "2017.01.19"]
[Round "5"]
[White "Karjakin, Sergey"]
[Black "Adhiban, Baskaran"]
[Result "0-1"]
[ECO "C11"]
[WhiteElo "2785"]
[BlackElo "2653"]
[Annotator "Sagar Shah"]
[PlyCount "62"]
[EventDate "2017.??.??"]
[EventType "tourn"]
[EventCountry "NED"]
[SourceTitle "playchess.com"]
[Source "ChessBase"]
[TimeControl "40/6000+30:20/3000+30:900+30"]

1. e4 e6 {6 This is the first time in his career that Adhiban
has played the French Defence? What motivated him to play this with black?
Your guess is as good as mine!} 2. d4 d5 3.
Nc3 Nf6 4. e5 Nfd7 5. f4 c5 6. Nf3 Nc6 7. Be3 Be7 8. Qd2 a6 9. a3 {394} O-O 10. dxc5 Nxc5 11. Qf2 {9 All of this has been played before
and has been seen in top level encounters like Kramnik-Meier, Ragger-Bluebaum,
Sethuraman-Korobov and Salem-Svane. The main moves for Black have been either
b6 or Qa5. Adhiban unleashes a novelty.} Nd7 $5 $146 {4 The credit for finding
this move was given by Adhiban to his coach, most likely K. Visweswaran.} 12.
Nd4 {632 Karjakin thinks for 10 minutes and goes for the most critical line.}
Nxd4 13. Bxd4 f6 {4 Adhiban is still in his
preparation. Facing Adhiban when he is well prepared ccan be an unnerving
experience. He moves very quickly and can often unsettle you. But this is
common for players at the level of Karjakin. They are used to this.} 14. exf6 Bxf6 15. Bxf6 {308} (15. O-O-O $5 b5 $13 (
15... e5 16. Bc5 $1 $14)) 15... Qxf6 16. g3 g5 $1 {5 The f4 pawn can no longer be held. That being said, no one would like
to weaken his kingside with a move like g5 in an opposite side castling
situation.} 17. O-O-O {242} gxf4 18. Kb1 {245 This move
surprised Adhiban.} (18. Rd4 {should have been preferred by Karjakin.} f3 19.
Rf4 Qh6 20. Qxf3 e5 (20... Rxf4 21. gxf4 $16) 21. Qg4+ Kh8 22. Qh4 {The only
way not to lose a rook.} Qxh4 23. Rxh4 Nf6 24. Bg2 Be6 {Black looks fine with
the strong central pawns, but after} 25. Re1 e4 26. Bh3 $14 {White should have
a small edge.}) 18... f3 {488} 19. g4 {491} (19. Rd4 Qg7 20. Bh3 Nf6 21. Qxf3
e5 22. Rh4 Bxh3 23. Rxh3 Ne4 24. Qe2 Nxc3+ (24... Nf2 25. Rh4 $1 Nxh1 26. Rg4
$18) 25. bxc3 e4 $13) 19... Ne5 {373} 20. g5 {67} Qg7 {508} 21. g6 {573
Karjakin plays with great energy. He realizes that he must open the position
of the black king. He is a pawn down already, so he throws another pawn into
the fire. Objectively it might not be a great idea, but as Adhiban says,
practically it was quite a challenging one to face.} hxg6 $1 {424} (21... Nxg6
22. Bd3 {Followed by Rg1 and h4 should give White good attacking chances.}) 22.
Bd3 $6 {786 Once again, not the most challenging move, as this bishop can be
chopped off by the knight anytime.} (22. Rg1 Bd7 23. h4 Rf5 {Black maintains
control.}) (22. h4 Bd7 23. Bh3 {This might be the most complicated way to play
the position. But still Black has the advantage is beyond any doubt.}) 22...
Bd7 {156 Once Adhiban made this move, he was happy because the bishop could
always drop back to e8 and defend the g6 pawn.} 23. Rdg1 Nxd3
{234} 24. cxd3 Rf5 25. Rg4 {104} Raf8 26. Rhg1 {138} Be8 $19 {265 The bishop defends the g6 pawn and
the rest is not too difficult.} 27. Nd1 {373} Rh5 $6 {1254} (27... Qf6 28. Ne3
Rf4 29. Rxf4 Qxf4 $19 {was easily winning.}) 28. h4 {309} Re5 {543} 29. Ne3 {
458} Bb5 $1 {228} 30. Rd4 {170} (30. Kc2 Rc8+ 31. Kb3 Bxd3 32. Qxf3 Be4 $19) (
30. Nc4 Bxc4 31. dxc4 Rf6 $19) 30... Re4 $5 {217} 31. Rxg6 $2 {423} Bxd3+ $1 {
20 This clear shot ends the game. Karjakin is known as a Master of Defence.
The fact that Adhiban could beat him without any glitches makes it a highly
commendable victory.} (31... Qxg6 {is also winning after} 32. dxe4 dxe4 $19) (
31... Bxd3+ 32. Rxd3 Qxg6 $19) 0-1